 Dungeon Crawl Stone Soup version 0.27-a0-1391-g48c30b3128 (webtiles) character file.

Game seed: 2912352462236685493

629211 rlybad the Conqueror (level 27, -5/245 HPs)
             Began as a Hill Orc Wanderer on June 30, 2021.
             Was the Champion of Hepliaklqana.
             Killed from afar by an orb of fire (20 damage)
             ... with a fireball
             ... on level 5 of the Realm of Zot on July 1, 2021.
             The game lasted 05:21:48 (86432 turns).

rlybad the Conqueror (Hill Orc Wanderer)           Turns: 86432, Time: 05:21:49

Health: -5/245     AC: 48    Str: 25    XL:     27
Magic:  45/45      EV: 16    Int: 13    God:    Hepliaklqana [******]
Gold:   6410       SH: 22    Dex: 17    Spells: 35/44 levels left

rFire    + + +     SeeInvis +   a - +9 broad axe (flame)
rCold    + + +     Faith    .   C - +2 shield of Resistance {rF++ rC++ Will++}
rNeg     + + .     Spirit   .   w - +9 gold dragon scales
rPois    +         Reflect  +   Q - +2 helmet of the Harp {+Inv MP+9 Dex+4}
rElec    +         Harm     .   t - +1 cloak of Starlight {*Dazzle EV+4 Stlth--}
rCorr    +         Rampage  .   j - +1 pair of gloves
Will     ++++.     Clarity  +   R - +1 pair of boots {Fly}
Stlth    ..........             l - amulet of reflection
HPRegen  0.50/turn              P - ring "Samu" {rN+ rCorr SInv}
MPRegen  0.29/turn              y - ring of Hospitality {rN+ AC+4 Dex+3}

@: mighty, resistant, flying, studying Ice Magic
A: reduced essence, clarity, clumsy 1
}: 3/15 runes: decaying, serpentine, silver
a: Renounce Religion, Evoke Invisibility, Recall Ancestor, Ancestor Identity,
Transference, Idealise


You were on level 5 of the Realm of Zot.
You worshipped Hepliaklqana.
Hepliaklqana was exalted by your worship.
You visited 9 branches of the dungeon, and saw 49 of its levels.
You also visited: Trove, Sewer, Bailey, Ice Cave, Volcano and Wizlab.

You collected 9508 gold pieces.
You spent 3098 gold pieces at shops.

Inventory:

Hand Weapons
 a - a +9 broad axe of flaming (weapon)
 b - a +8 broad axe of holy wrath
Missiles
 f - 17 javelins (quivered)
 h - 21 silver javelins
 r - 9 boomerangs of dispersal
 M - 18 curare-tipped darts
 N - 5 throwing nets
Armour
 j - a +1 pair of gloves (worn)
 t - the +1 cloak of Starlight (worn) {*Dazzle EV+4 Stlth--}
   (You found it in a wizard's laboratory)

   EV:        It affects your evasion (+4).
   Stlth:     It makes you much less stealthy.
 w - +9 gold dragon scales (worn)
 C - the +2 shield of Resistance (worn) {rF++ rC++ Will++}
   (You bought it in a shop on level 2 of the Orcish Mines)

   rF:        It greatly protects you from fire.
   rC:        It greatly protects you from cold.
   Will:      It greatly increases your willpower.
 Q - the +2 helmet of the Harp (worn) {+Inv MP+9 Dex+4}
   (You found it on level 4 of the Snake Pit)

   Dex:       It affects your dexterity (+4).
   MP:        It affects your magic capacity (+9).
   +Inv:      It lets you turn invisible.
 R - a +1 pair of boots of flying (worn)
Jewellery
 c - the ring "Qaitis" {rElec rF+ rN+}
   (You found it in a treasure trove)

   [ring of positive energy]

   rF:        It protects you from fire.
   rElec:     It insulates you from electricity.
   rN:        It protects you from negative energy.
 l - an amulet of reflection (around neck)
 u - a +4 ring of protection
 y - the ring of Hospitality (right hand) {rN+ AC+4 Dex+3}
   (You took it off a spriggan berserker on level 4 of the Depths)

   [ring of protection]

   AC:        It affects your AC (+4).
   Dex:       It affects your dexterity (+3).
   rN:        It protects you from negative energy.
 A - a +4 ring of slaying
 P - the ring "Samu" (left hand) {rN+ rCorr SInv}
   (You found it on level 1 of the Vaults)

   [ring of resist corrosion]

   rN:        It protects you from negative energy.
   SInv:      It lets you see invisible.
   rCorr:     It protects you from acid and corrosion.
Wands
 d - a wand of acid (20)
 x - a wand of paralysis (11)
 E - a wand of iceblast (84)
 J - a wand of flame (90)
 S - a wand of charming (31)
 V - a wand of digging (16)
Scrolls
 e - 7 scrolls of summoning
 g - 22 scrolls of identify
 k - 5 scrolls of holy word
 o - 10 scrolls of vulnerability
 s - 8 scrolls of fog
 B - 16 scrolls of teleportation
 G - 3 scrolls of magic mapping
 H - a scroll of silence
 T - 2 scrolls of enchant armour
 Z - 8 scrolls of fear
Potions
 i - 28 potions of curing
 n - 8 potions of brilliance
 p - 4 potions of haste
 q - 6 potions of cancellation
 v - 8 potions of resistance
 z - a potion of berserk rage
 D - 5 potions of mutation
 F - 15 potions of might
 I - 6 potions of magic
 L - 5 potions of lignification
 W - 5 potions of invisibility
 Y - 4 potions of ambrosia
Miscellaneous
 K - a box of beasts (inert)
 O - a phantom mirror
 U - a lightning rod (4/4)


   Skills:
 O Level 27 Fighting
 - Level 17.9(18.0) Axes
 - Level 2.1(10.6) Maces & Flails
 + Level 17.0 Throwing
 - Level 20.3 Armour
 + Level 13.6 Dodging
 - Level 15.0 Shields
 - Level 9.4 Spellcasting
 - Level 11.8 Translocations
 - Level 12.0 Invocations
 - Level 15.0 Evocations


You had 35 spell levels left.
You knew the following spells:

 Your Spells              Type           Power      Damage    Failure   Level
a - Blink                 Tloc           N/A        N/A       1%          2
b - Teleport Other        Tloc           37%        N/A       3%          3
c - Passage of Golubria   Tloc           N/A        N/A       13%         4

Your spell library contained the following spells:

 Spells                   Type           Power      Damage    Failure   Level
 Gell's Gravitas          Tloc           18%        N/A       3%          3
 Lesser Beckoning         Tloc           18%        N/A       3%          3
 Manifold Assault         Tloc           37%        N/A       34%         5
 Portal Projectile        Hex/Tloc       42%        N/A       41%         3
 Iskenderun's Mystic Bla  Conj/Tloc      21%        2d6       83%         4
 Animate Skeleton         Necr           12%        N/A       86%         1
 Beastly Appendage        Tmut           12%        N/A       86%         1
 Corona                   Hex            6%         N/A       86%         1
 Freeze                   Ice            24%        1d5       86%         1
 Magic Dart               Conj           24%        1d4       86%         1
 Pain                     Necr           24%        1d5       86%         1
 Sandblast                Erth           12%        2d6       86%         1
 Shock                    Conj/Air       24%        1d4       86%         1
 Sting                    Tmut/Pois      24%        1d4       86%         1
 Summon Small Mammal      Summ           24%        N/A       86%         1
 Dispersal                Tloc           18%        N/A       89%         6
 Call Imp                 Summ           6%         N/A       95%         2
 Corpse Rot               Necr/Air       N/A        N/A       95%         2
 Ensorcelled Hibernation  Hex/Ice        12%        N/A       95%         2
 Passwall                 Tmut/Erth      5%         N/A       95%         2
 Poisonous Vapours        Pois/Air       12%        N/A       95%         2
 Searing Ray              Conj           12%        3d3       95%         2
 Slow                     Hex            6%         N/A       95%         2
 Static Discharge         Conj/Air       6%         N/A       95%         2
 Sublimation of Blood     Necr           3%         N/A       95%         2
 Wereblood                Tmut           6%         N/A       95%         2
 Call Canine Familiar     Summ           6%         N/A       99%         3
 Confusing Touch          Hex            6%         N/A       99%         3
 Conjure Flame            Conj/Fire      6%         6-21      99%         3
 Dazzling Flash           Conj/Hex       12%        N/A       99%         3
 Frozen Ramparts          Ice            12%        1d3       99%         3
 Ignite Poison            Fire/Tmut/Pois 6%         N/A       99%         3
 Mephitic Cloud           Conj/Pois/Air  6%         N/A       99%         3
 Ozocubu's Armour         Ice            6%         N/A       99%         3
 Spider Form              Tmut/Pois      3%         N/A       99%         3
 Stone Arrow              Conj/Erth      12%        3d7       99%         3
 Summon Guardian Golem    Hex/Summ       6%         N/A       99%         3
 Swiftness                Air            6%         N/A       99%         3
 Vampiric Draining        Necr           3%         2d6       99%         3
 Summon Forest            Summ/Tloc      10%        N/A       99%         5
 Airstrike                Air            3%         N/A       100%        4
 Animate Armour           Summ/Erth      12%        N/A       100%        4
 Animate Dead             Necr           3%         N/A       100%        4
 Cause Fear               Hex            3%         N/A       100%        4
 Dispel Undead            Necr           6%         3d8       100%        4
 Fulminant Prism          Conj/Hex       3%         3d6       100%        4
 Hailstorm                Conj/Ice       6%         3d4       100%        4
 Ice Form                 Ice/Tmut       6%         N/A       100%        4
 Leda's Liquefaction      Hex/Erth       3%         N/A       100%        4
 Petrify                  Tmut/Erth      6%         N/A       100%        4
 Summon Ice Beast         Ice/Summ       6%         N/A       100%        4
 Summon Lightning Spire   Summ/Air       6%         N/A       100%        4
 Agony                    Necr           6%         N/A       100%        5
 Blade Hands              Tmut           3%         N/A       100%        5
 Bolt of Magma            Conj/Fire/Erth 3%         4d5       100%        5
 Borgnjor's Vile Clutch   Necr/Erth      3%         N/A       100%        5
 Excruciating Wounds      Necr           3%         N/A       100%        5
 Freezing Cloud           Conj/Ice/Air   3%         6-21      100%        5
 Irradiate                Conj/Tmut      3%         3d14      100%        5
 Lee's Rapid Deconstruct  Erth           3%         3d6*      100%        5
 Lightning Bolt           Conj/Air       3%         1d14      100%        5
 Metabolic Englaciation   Hex/Ice        3%         N/A       100%        5
 Silence                  Hex/Air        3%         N/A       100%        5
 Yara's Violent Unravell  Hex/Tmut       3%         3d4       100%        5
 Death Channel            Necr           3%         N/A       100%        6
 Eringya's Noxious Bog    Tmut/Pois      3%         N/A       100%        6
 Iron Shot                Conj/Erth      3%         9d2       100%        6
 Shadow Creatures         Summ           N/A        N/A       100%        6
 Simulacrum               Ice/Necr       3%         N/A       100%        6
 Statue Form              Tmut/Erth      4%         N/A       100%        6
 Dragon Form              Tmut           3%         N/A       100%        7
 Haunt                    Necr/Summ      3%         N/A       100%        7
 Malign Gateway           Summ/Tloc      10%        N/A       100%        7
 Monstrous Menagerie      Summ           3%         N/A       100%        7
 Spellforged Servitor     Conj/Summ      3%         N/A       100%        7
 Storm Form               Tmut/Air       3%         N/A       100%        7
 Summon Hydra             Summ           3%         N/A       100%        7
 Discord                  Hex            3%         N/A       100%        8
 Disjunction              Tloc           18%        N/A       100%        8
 Ignition                 Fire           3%         3d4       100%        8
 Summon Horrible Things   Summ           3%         N/A       100%        8
 Polar Vortex             Ice            3%         N/A       100%        9
 Shatter                  Erth           3%         3d7*      100%        9


Dungeon Overview and Level Annotations

Branches:
Dungeon (15/15)            Temple (0/1) D:4            Lair (6/6) D:10
  Swamp (4/4) Lair:4        Snake (4/4) Lair:2        Slime (0/5) Lair:6
    Orc (2/2) D:10            Elf (3/3) Orc:2        Vaults (5/5) D:13
  Crypt (0/3) Vaults:3     Depths (5/5) D:15            Zot (5/5) Depths:5
  Sewer (visited)          Bailey (visited)           IceCv (visited)
Volcano (visited)          WizLab (visited)

Altars:
Ashenzari
Cheibriados
Hepliaklqana
Nemelex Xobeh
Okawaru
Qazlal
Ru
Sif Muna
Uskayaw
Vehumet
Xom
Yredelemnul
The Shining One

Shops:
D:4 =   D:6 ?   Orc:2 (([[   Elf:2 *?   Snake:3 (:=:   Vaults:3 [   Vaults:4 (

Portals:
Hell: Depths:1 Depths:2 Depths:3 Depths:4 Depths:5
Abyss: Depths:4 Depths:5
Pandemonium: Depths:3
Ziggurat: Depths:2

Annotations:
D:2 exclusion: downstairs
Lair:1 3 runed translucent doors, Kinoniko's ghost, novice DrBe
Lair:6 exclusion: 4 oklob plants
Orc:1 exclusion: downstairs
Elf:3 1 exclusion
Zot:2 1 transporter


Innate Abilities, Weirdness & Mutations

Your life essence is reduced to manifest your ancestor. (-10% HP)
You possess an exceptional clarity of mind.
You are clumsy. (Dex -2)


Message History

* * * LOW HITPOINT WARNING * * *
You swap places.
The orb of fire emits a lurid red light.
The fireball explodes!
The fireball engulfs your elder oxweird beast!!!
The fireball engulfs you! You resist.
* * * LOW HITPOINT WARNING * * *
The fireball engulfs the orb of fire.
The orb of fire completely resists.
You feel better.
The orb of fire glows yellow.
The bolt of fire hits your elder oxweird beast!!!!
Your elder oxweird beast dies!
Your elder oxweird beast's corpse disappears in a puff of smoke!
The bolt of fire misses you.
You feel better.
You feel better.
The orb of fire glows red.
The fireball explodes!
The fireball engulfs you. You resist.
* * * LOW HITPOINT WARNING * * *
The fireball engulfs the orb of fire.
The orb of fire completely resists.
You miss the orb of fire.
The orb of fire is moderately damaged.
The orb of fire glows red.
The fireball explodes!
The fireball engulfs you! You resist.
* * * LOW HITPOINT WARNING * * *
The fireball engulfs the orb of fire.
The orb of fire completely resists.
Unknown command.
You closely miss the orb of fire.
The orb of fire is lightly damaged.
The orb of fire glows bright magenta.
The bolt of fire hits you! You resist.
* * * LOW HITPOINT WARNING * * *
You feel protected.
The orb of fire glows deep purple.
The bolt of fire hits you! You resist.
* * * LOW HITPOINT WARNING * * *
You feel better.
The orb of fire glows yellow.
The fireball explodes!
The fireball engulfs you!! You resist.
You die...

#⌠......#......
###.......#......
#.........#......
#....##..........
#....##..........
###..##.......⌠..
###### #..##....#.....
#....###..##....######
#....@*...##...#######
#.....................
#########......#######
#...#### #####


You could see an orb of fire.

Vanquished Creatures
  An ancient lich (Zot:5)
  Mennas (Depths:3)
  A juggernaut (Depths:2)
  the Lernaean hydra (Swamp:4)
  Saint Roka (Orc:2)
  2 Killer Klowns
  A caustic shrike (Depths:4)
  2 curse toes
  4 golden dragons
  The ghost of Qebur the Peltast, a veteran OpIE of Sif Muna (Vaults:3)
  Nikola (Snake:4)
  An electric golem (Zot:3)
  8 tentacled monstrosities
  9 Orb Guardians (Zot:5)
  10 liches
  2 deep elf master archers (Elf:3)
  A deep elf blademaster (Elf:3)
  3 quicksilver dragons
  The ghost of Huew the Severer, an adept NaFi of Cheibriados (Snake:4)
  4 titans
  Asterion (Vaults:3)
  10 sphinxes
  Kirke (D:12)
  Agnes (Snake:2)
  3 tentacled starspawn (WizLab)
  7 tengu reavers
  11 death cobs
  12 shadow dragons
  3 thorn hunters
  6 draconian monks
  Donald (Vaults:3)
  11 storm dragons
  10 frost giants
  6 draconian scorchers
  8 draconian knights
  3 iron dragons
  10 fire giants
  3 ghost moths
  Aizul (Snake:4)
  18 vault wardens
  8 deep elf sorcerers
  A balrug (Depths:2)
  5 deep elf elementalists
  7 draconian stormcallers
  2 cacodemons (Depths:2)
  2 orc warlords
  3 draconian shifters
  A ghoul (Swamp:3)
  2 reapers
  A spriggan defender (Depths:4)
  18 very ugly things
  5 draconian annihilators
  10 ironbound preservers
  12 stone giants
  18 green draconians
  4 vampire knights
  7 black draconians
  Azrael (D:15)
  6 deep elf demonologists
  19 yellow draconians
  8 purple draconians
  15 white draconians
  An entropy weaver (Vaults:1)
  8 spark wasps
  3 bunyips
  5 deep elf annihilators
  9 red draconians
  5 dire elephants
  2 blizzard demons
  An eleionoma (Swamp:1)
  A crystal guardian (Vaults:3)
  A merfolk impaler (Depths:4)
  11 deep elf high priests
  7 deep elf death magi
  A great orb of eyes (shapeshifter) (Vaults:5)
  13 ettins
  3 shambling mangroves
  15 fire dragons
  13 yaktaur captains
  2 hell beasts (Depths:2)
  3 rakshasas
  7 great orbs of eyes
  Harold (D:8)
  An ice dragon (shapeshifter) (Vaults:5)
  8 boulder beetles
  8 naga warriors
  35 vault guards
  8 salamander tyrants
  19 hydras
  4 ironbound thunderhulks
  8 ice dragons
  3 ghost crabs
  2 catoblepae
  6 ogre magi
  10 alligators
  6 ironbound frosthearts
  3 spriggan air magi
  23 anacondas
  7 two-headed ogres
  A death knight (D:12)
  11 centaur warriors
  5 death yaks (D:10)
  5 tengu warriors
  2 thrashing horrors (WizLab)
  8 deep troll earth magi
  Urug (Lair:5)
  15 naga sharpshooters
  18 dancing weapons
  10 spriggan berserkers
  3 vampire magi
  5 shock serpents
  8 deep troll shamans
  7 ironbound beastmasters
  A shock serpent (shapeshifter) (Vaults:2)
  Sonja (D:11)
  2 soul eaters (Depths:2)
  2 sun demons
  14 deep elf knights
  2 sixfirhies (Depths:2)
  5 hell knights
  51 deep trolls
  8 iron trolls
  4 goliath frogs
  8 swamp dragons (Swamp:4)
  5 flayed ghosts
  A glowing orange brain (shapeshifter) (Depths:2)
  8 salamander mystics
  3 spriggan druids
  6 glowing orange brains
  4 sea snakes (Snake:3)
  8 deep elf archers
  11 bog bodies
  An obsidian statue (WizLab)
  9 wizards
  4 naga ritualists
  8 lindwurms
  23 ironbound convokers
  A harpy (shapeshifter) (Elf:1)
  15 orc knights
  An orange crystal statue (Lair:2)
  24 deep elf pyromancers
  3 phantasmal warriors
  17 deep elf zephyrmancers
  3 harpies
  An oklob plant (Lair:3)
  2 orc sorcerers
  7 necromancers
  2 will-o-the-wisps
  A cyclops (shapeshifter) (D:15)
  44 ugly things
  2 manticores
  9 mana vipers
  2 shining eyes (Depths:2)
  3 worldbinders (WizLab)
  A frost giant skeleton (Depths:1)
  5 cyclopes
  37 black mambas
  26 moths of wrath
  28 salamanders
  Maurice (D:12)
  A rust devil (Depths:2)
  8 elephants
  A guardian serpent (shapeshifter) (Depths:4)
  10 naga magi
  An eye of devastation (Depths:2)
  An eye of devastation (shapeshifter) (Vaults:5)
  4 guardian serpents
  16 vault sentinels
  A torpor snail (Lair:3)
  2 ice statues (IceCv)
  Maggie (D:8)
  A gargoyle (D:10)
  9 cane toads
  2 hellions (Zot:3)
  4 efreet
  3 unseen horrors
  3 freezing wraiths
  A hellwing (Depths:2)
  5 rime drakes
  39 yaktaurs
  An unseen horror (shapeshifter) (Elf:3)
  6 tengu conjurers
  12 komodo dragons
  2 ice devils
  20 polar bears
  7 meliai
  2 red devils (Depths:2)
  18 hornets
  6 trolls
  9 tyrant leeches
  A jumping spider (Vaults:1)
  A deep troll zombie (Depths:1)
  15 blink frogs
  2 dream sheep (Lair:3)
  8 slime creatures
  A slime creature (shapeshifter) (Vaults:5)
  A snapping turtle (shapeshifter) (Vaults:5)
  7 hexers
  2 redbacks (Vaults:1)
  10 spriggans
  4 air elementals
  9 wyverns
  A shadow (D:10)
  A human (shapeshifter) (Depths:5)
  37 yaks
  4 vampires
  8 water elementals
  3 wraiths
  A ynoxinul (Depths:2)
  5 basilisks
  7 fire elementals
  3 hogs (D:12)
  15 vampire mosquitoes
  4 fire bats (Volcano)
  5 steam dragons
  18 humans (D:13)
  Eustachio (D:4)
  A chaos spawn (WizLab)
  9 wargs
  29 nagas
  A swamp worm (shapeshifter) (Depths:4)
  3 spatial vortices (WizLab)
  12 swamp worms
  A hell hound (D:15)
  An acid dragon (D:13)
  17 water moccasins
  A floating eye (Depths:2)
  7 swamp drakes (Swamp:4)
  38 orc warriors
  An ice beast (D:7)
  A sky beast (D:7)
  2 black bears
  4 necrophages (Swamp:3)
  25 wolves
  5 boggarts (Vaults:1)
  4 ogres
  24 centaurs
  4 kobold brigands
  An earth elemental (Elf:3)
  Blork the orc (D:4)
  14 bullfrogs
  2 scorpions
  A small abomination (WizLab)
  5 killer bees
  3 wights (D:7)
  2 howler monkeys
  5 electric eels
  2 lava snakes (Snake:4)
  A centaur zombie (D:6)
  A bullfrog zombie (D:5)
  7 orc priests
  A gnoll shaman (D:9)
  A hound (D:7)
  Ijyb (D:5)
  A centaur skeleton (D:7)
  Jessica (D:3)
  2 iguanas
  5 orc wizards
  A killer bee zombie (D:8)
  12 gnolls
  14 adders
  2 river rats (Sewer)
  A shadow imp (D:8)
  An adder skeleton (D:4)
  2 worms
  3 dart slugs
  80 orcs
  13 ball pythons
  6 bats
  15 endoplasms
  4 giant cockroaches
  5 goblins
  7 hobgoblins
  13 jackals
  16 kobolds
  2 quokkas
  4 frilled lizards
  17 rats
  4 briar patches (Swamp:3)
  A lurking horror (WizLab)
  2 starspawn tentacles (WizLab)
1964 creatures vanquished.

Vanquished Creatures (collateral kills)
  A curse toe (Zot:5)
  A tentacled monstrosity (Vaults:5)
  A lich (Depths:4)
  Jorgrun (D:12)
  An Orb Guardian (Zot:5)
  A sphinx (Vaults:4)
  A storm dragon (Zot:2)
  Gastronok (D:8)
  2 shadow dragons
  The ghost of Coruem the Fencer, an adept DrGl of Ashenzari (Depths:5)
  A draconian monk (Zot:4)
  3 fire giants
  2 frost giants (Depths:4)
  2 deep elf sorcerers (Elf:3)
  A ghost moth (Zot:3)
  2 vault wardens (Vaults:2)
  2 draconian scorchers
  A draconian knight (Zot:4)
  2 draconian shifters
  A spriggan defender (Depths:3)
  A draconian annihilator (Zot:4)
  4 ironbound preservers
  A reaper (Depths:2)
  4 very ugly things
  2 green draconians
  A deep elf demonologist (Elf:3)
  2 dire elephants
  A deep elf annihilator (Elf:3)
  A spark wasp (Depths:2)
  2 fire dragons
  2 red draconians
  2 deep elf death magi (Vaults:5)
  2 yaktaur captains
  2 vault guards
  An ironbound thunderhulk (Vaults:2)
  3 rakshasas
  A peacekeeper (Vaults:3)
  An ogre mage (Vaults:5)
  3 naga warriors (Snake:4)
  2 centaur warriors
  A merfolk avatar (Lair:6)
  A hydra (Lair:6)
  An anaconda (Snake:3)
  A two-headed ogre (Orc:1)
  A deep troll earth mage (Depths:4)
  An alligator (Lair:6)
  4 dancing weapons
  A spriggan berserker (Depths:4)
  2 tengu warriors (Depths:4)
  2 shock serpents (Snake:4)
  An ironbound beastmaster (Vaults:4)
  2 deep elf knights (Elf:2)
  A sea snake (Snake:3)
  3 deep trolls
  2 iron trolls (Depths:5)
  2 salamander mystics (Snake:4)
  2 glowing orange brains
  2 wizards
  3 naga ritualists
  An ironbound convoker (Vaults:1)
  An orc knight (Bailey)
  An obsidian statue (Depths:2)
  4 deep elf zephyrmancers
  6 deep elf pyromancers
  An orc sorcerer (Orc:2)
  A lindwurm (Vaults:1)
  6 ugly things
  A mana viper (Snake:4)
  A worldbinder (WizLab)
  4 salamanders
  2 moths of wrath
  2 slime creatures (Vaults:4)
  A stone giant skeleton (Depths:1)
  4 elephants
  A guardian serpent (Snake:4)
  3 black mambas
  2 cane toads
  4 naga magi
  A spriggan skeleton (Depths:1)
  3 komodo dragons
  A yaktaur (Vaults:3)
  A tengu conjurer (Depths:4)
  2 polar bears (Lair:6)
  An ice devil (D:13)
  7 blink frogs
  A tyrant leech (Swamp:1)
  An air elemental (Elf:1)
  A spriggan (Swamp:4)
  A water elemental (Elf:3)
  A shadow (D:12)
  A vampire (Vaults:3)
  A wyvern (Volcano)
  A deep troll skeleton (Depths:1)
  A ynoxinul (Depths:2)
  5 yaks
  A fire bat (Volcano)
  3 humans (D:13)
  A fire elemental (Elf:1)
  2 basilisks
  A steam dragon (D:10)
  3 nagas
  5 water moccasins
  4 spatial vortices (WizLab)
  A sky beast (D:5)
  6 orc warriors
  4 ogres
  A black bear (D:6)
  A boggart (WizLab)
  4 wolves
  A centaur (Orc:2)
  A kobold brigand (D:7)
  5 bullfrogs
  A killer bee (D:9)
  A water moccasin skeleton (D:5)
  2 wights (D:7)
  An electric eel (D:11)
  A lava snake (Snake:4)
  An orc priest (Orc:2)
  An iguana (D:6)
  An orc wizard (Orc:1)
  A howler monkey zombie (D:8)
  3 gnolls (D:9)
  5 adders
  2 white imps (D:8)
  13 orcs
  2 ball pythons (Sewer)
  4 kobolds
  13 rats (Sewer)
271 creatures vanquished.

Vanquished Creatures (others)
  A tentacled monstrosity (Zot:1)
  An eldritch tentacle (WizLab)
  A draconian monk (Zot:1)
  A shadow dragon (Depths:4)
  3 draconian knights
  A draconian scorcher (Zot:1)
  3 draconian shifters (Zot:1)
  A green draconian (Zot:1)
  A black draconian (Zot:2)
  A white draconian (Zot:1)
  3 yellow draconians (Zot:1)
  A purple draconian (Zot:1)
  3 red draconians (Zot:1)
  A vault guard (Vaults:5)
  A deep elf knight (Elf:1)
  A deep elf pyromancer (Elf:1)
  A mana viper (Snake:4)
  A manticore (Lair:6)
  A moth of wrath (Zot:4)
  2 bloated husks (Swamp:2)
  2 wyverns (Volcano)
  3 humans (D:12)
  A golden eye (shapeshifter) (Depths:3)
  A water moccasin (Lair:6)
  A wolf (IceCv)
  59 hexers
  An orc (Orc:1)
  12 foxfires
  23 fungi
  175 plants
  2 starspawn tentacles (WizLab)
309 creatures vanquished.

Grand Total: 2544 creatures vanquished

Notes
Turn   | Place    | Note
-------+----------+-------------------------------------------
     0 | D:1      | rlybad the Hill Orc Wanderer began the quest for the Orb.
     0 | D:1      | rlybad set off with the following items: a +2 mace, a +0
                  | robe; and the following spells available to memorise:
                  | Corona, Freeze, Frozen Ramparts, Summon Guardian Golem
     0 | D:1      | Reached XP level 1. HP: 19/19 MP: 1/1
    76 | D:1      | Reached skill level 1 in Axes
   127 | D:1      | Reached XP level 2. HP: 26/27 MP: 2/2
   471 | D:1      | Reached skill level 4 in Fighting
   486 | D:1      | Reached XP level 3. HP: 31/33 MP: 3/3
   557 | D:1      | Found a faded altar of an unknown god.
  1211 | D:2      | Reached XP level 4. HP: 39/40 MP: 4/4
  2126 | D:3      | Noticed a water moccasin
  2135 | D:3      | Killed a water moccasin
  2136 | D:3      | Reached XP level 5. HP: 23/47 MP: 5/5
  2522 | D:3      | Found a hide-covered altar of Uskayaw.
  2557 | D:3      | Noticed Jessica
  2578 | D:3      | Reached skill level 5 in Fighting
  2578 | D:3      | Reached skill level 5 in Axes
  2578 | D:3      | Reached XP level 6. HP: 19/56 MP: 6/6
  2981 | D:3      | Found a hazy altar of Hepliaklqana.
  3010 | D:3      | Became a worshipper of Hepliaklqana the Forgotten
  3428 | D:3      | Killed Jessica
  3445 | D:3      | Found a stormy altar of Qazlal.
  3529 | D:3      | Found a sacrificial altar of Ru.
  3536 | D:3      | Found a basalt altar of Yredelemnul.
  3633 | D:4      | Reached skill level 1 in Invocations
  3675 | D:4      | Noticed Eustachio
  3681 | D:4      | Noticed Blork the orc
  3693 | D:4      | Killed Eustachio
  3694 | D:4      | Reached XP level 7. HP: 43/61 MP: 6/8
  4577 | D:4      | Killed Blork the orc
  4578 | D:4      | Reached skill level 6 in Fighting
  4893 | D:4      | Found Bileorea's Jewellery Emporium.
  5099 | D:4      | Found a staircase to the Ecumenical Temple.
  5240 | D:5      | Entered Level 5 of the Dungeon
  5345 | D:5      | Reached * piety under Hepliaklqana
  5368 | D:5      | Reached XP level 8. HP: 59/63 MP: 10/10
  5722 | D:5      | Noticed Ijyb
  5731 | D:5      | Killed Ijyb
  6170 | D:6      | Found a glowing drain.
  6197 | Sewer    | Entered a sewer
  6209 | Sewer    | Reached ** piety under Hepliaklqana
  6210 | Sewer    | Remembered your ancestor Jyri Possu as a hexer
  6276 | Sewer    | Reached skill level 5 in Armour
  6641 | D:6      | Found Veeg's Magic Scroll Shop.
  6649 | D:6      | Bought a scroll of identify for 26 gold pieces
  6649 | D:6      | Bought a scroll of teleportation for 39 gold pieces
  6649 | D:6      | Bought a scroll of identify for 26 gold pieces
  6649 | D:6      | Bought a scroll of fog for 26 gold pieces
  6918 | D:6      | Reached skill level 7 in Fighting
  7055 | D:6      | Found a glowing golden altar of the Shining One.
  7173 | D:7      | Reached XP level 9. HP: 66/71 MP: 11/11
  7647 | D:7      | Reached skill level 10 in Axes
  7773 | D:7      | Noticed a hornet
  7784 | D:7      | Killed a hornet
  8158 | D:7      | Reached *** piety under Hepliaklqana
  8217 | D:7      | Reached skill level 8 in Fighting
  8378 | D:7      | Found a snail-covered altar of Cheibriados.
  8599 | D:8      | Noticed Harold
  8607 | D:8      | Noticed Maggie
  8626 | D:8      | Reached skill level 5 in Shields
  8652 | D:8      | Killed Harold
  8653 | D:8      | Reached XP level 10. HP: 25/81 MP: 11/13
  8727 | D:8      | Reached skill level 5 in Invocations
  8754 | D:8      | Killed Maggie
  8756 | D:8      | Noticed Gastronok
  9088 | D:8      | Killed Gastronok
  9089 | D:8      | Reached skill level 9 in Fighting
  9608 | D:9      | Reached XP level 11. HP: 49/89 MP: 16/16
 10331 | D:9      | Reached **** piety under Hepliaklqana
 10888 | D:10     | Entered Level 10 of the Dungeon
 11047 | D:10     | Reached skill level 10 in Fighting
 11304 | D:10     | Noticed a death yak
 11305 | D:10     | Noticed a death yak
 11450 | D:10     | Noticed a death yak
 11451 | D:10     | Noticed a death yak
 11458 | D:10     | Found a shimmering altar of Xom.
 11488 | D:10     | Noticed a death yak
 11691 | D:10     | Found a staircase to the Orcish Mines.
 12394 | D:10     | Found a staircase to the Lair.
 12404 | Lair:1   | Entered Level 1 of the Lair of Beasts
 12404 | Lair:1   | Found a runed translucent gate.
 12407 | Lair:1   | Found a runed translucent gate.
 12407 | Lair:1   | Noticed Kinoniko's ghost (novice DrBe)
 12409 | Lair:1   | Found a runed translucent gate.
 12449 | Lair:1   | Found a dark tunnel.
 12457 | Volcano  | Entered a volcano
 12635 | Volcano  | Noticed a salamander
 12636 | Volcano  | Noticed a salamander
 12637 | Volcano  | Noticed a two-headed ogre
 12666 | Volcano  | Killed a salamander
 12750 | Volcano  | Killed a two-headed ogre
 12953 | Volcano  | Noticed a salamander
 12974 | Volcano  | Killed a salamander
 13082 | Volcano  | Noticed a two-headed ogre
 13088 | Volcano  | Killed a two-headed ogre
 13089 | Volcano  | Reached skill level 15 in Axes
 13114 | Volcano  | Reached skill level 11 in Fighting
 13114 | Volcano  | Reached XP level 12. HP: 85/99 MP: 18/18
 13191 | Volcano  | Noticed a two-headed ogre
 13201 | Volcano  | Killed a two-headed ogre
 13220 | Volcano  | Noticed a fire dragon
 13348 | Volcano  | Killed a fire dragon
 13604 | D:4      | Bought a +4 ring of evasion for 360 gold pieces
 13802 | Lair:1   | Noticed a four-headed hydra
 13809 | Lair:1   | Killed a one-headed hydra
 14768 | Lair:2   | Reached ***** piety under Hepliaklqana
 14872 | Lair:2   | Noticed a five-headed hydra
 14879 | Lair:2   | Killed a two-headed hydra
 14941 | Lair:2   | Reached skill level 12 in Fighting
 15513 | Lair:2   | You are sucked into a shaft and drop 1 floor!
 15521 | Lair:3   | Reached XP level 13. HP: 97/106 MP: 16/19
 15524 | Lair:3   | Reached skill level 10 in Shields
 16162 | Lair:3   | Identified the +1 long sword "Xidyumag" {flame, rElec rPois
                  | Str-4 Dex+3}
 17393 | Lair:4   | Found a staircase to the Swamp.
 17415 | Lair:4   | HP: 2/107 [bog body/bolt of cold (41)]
 17428 | Lair:4   | HP: 2/107 [bog body/bolt of cold (27)]
 18592 | Lair:5   | Reached skill level 13 in Fighting
 18593 | Lair:5   | Reached skill level 5 in Dodging
 18792 | Lair:5   | Reached ****** piety under Hepliaklqana
 19201 | Lair:5   | Noticed Urug
 19213 | Lair:5   | Killed Urug
 19423 | Lair:5   | Reached XP level 14. HP: 116/116 MP: 20/20
 20082 | Lair:6   | Entered Level 6 of the Lair of Beasts
 20837 | Lair:6   | Reached skill level 14 in Fighting
 21690 | Lair:6   | Reached skill level 10 in Invocations
 21802 | Lair:6   | Found a staircase to the Slime Pits.
 21995 | Lair:6   | Identified the +1 scale mail of Impressiveness {Rampage
                  | Dex+7 Stlth-}
 22164 | Lair:2   | Found a staircase to the Snake Pit.
 22570 | Orc:1    | Entered Level 1 of the Orcish Mines
 22660 | Orc:1    | Reached skill level 5 in Evocations
 22776 | Orc:2    | Entered Level 2 of the Orcish Mines
 22776 | Orc:2    | Noticed Saint Roka
 23320 | Orc:2    | Found a staircase to the Elven Halls.
 23361 | Orc:2    | Noticed an orc warlord
 23501 | Orc:1    | Killed an orc warlord
 23502 | Orc:1    | Reached XP level 15. HP: 76/125 MP: 23/23
 24165 | Orc:2    | Killed Saint Roka
 24674 | Orc:2    | Found Etypsew's Weapon Shop.
 24687 | Orc:2    | Found Jeom's Armour Emporium.
 24687 | Orc:2    | Found Buihuid's Antique Weapon Boutique.
 24695 | Orc:2    | Reached skill level 15 in Fighting
 25079 | Orc:2    | Found Vineu's Armour Shoppe.
 25214 | Orc:2    | Bought the +7 chain mail of Nunow {rPois Str+2} for 823
                  | gold pieces
 25509 | Orc:2    | Paralysed by an orc sorcerer for 6 turns
 27059 | D:11     | Noticed Sonja
 27065 | D:11     | Killed Sonja
 27123 | D:11     | Got the Catalogue of Black Magic
 27340 | D:11     | Identified the +0 ring mail of the Elven Halls {rCorr
                  | Dex+2}
 27680 | D:12     | Found a flagged portal.
 27681 | D:12     | Noticed Maurice
 27693 | D:12     | Killed Maurice
 27723 | D:12     | Noticed Kirke
 27736 | D:12     | Killed Kirke
 27758 | Bailey   | Entered a bailey
 28633 | D:12     | Noticed Jorgrun
 28651 | D:12     | Killed Jorgrun
 29060 | D:13     | Reached XP level 16. HP: 135/135 MP: 25/25
 29127 | D:13     | Found a frozen archway.
 29156 | IceCv    | Entered an ice cave
 29905 | IceCv    | Identified the +8 battleaxe of Floods {vorpal, rElec Int+4}
 29909 | IceCv    | Identified the +9 glaive of Agutim {speed, Int+4 Dex+6}
 30473 | Orc:2    | Bought the +2 shield of Resistance {rF++ rC++ Will++} for
                  | 973 gold pieces
 30473 | Orc:2    | Found the +2 shield of Resistance {rF++ rC++ Will++}
 30615 | D:6      | Bought a scroll of enchant weapon for 97 gold pieces
 31040 | D:13     | Reached skill level 16 in Fighting
 31115 | D:13     | Found a gate to the Vaults.
 32309 | D:14     | Found a shimmering blue altar of Sif Muna.
 32523 | D:14     | Found an iron altar of Okawaru.
 32728 | D:14     | Upgraded the game from 0.27-a0-1381-g81fdcbfb23 to
                  | 0.27-a0-1391-g48c30b3128
 32854 | D:15     | Entered Level 15 of the Dungeon
 32901 | D:15     | Noticed Azrael
 32935 | D:15     | Killed Azrael
 33381 | D:15     | Reached skill level 10 in Armour
 33787 | D:15     | Found a staircase to the Depths.
 34221 | D:15     | Reached XP level 17. HP: 144/144 MP: 26/26
 34695 | Swamp:1  | Entered Level 1 of the Swamp
 34818 | Swamp:1  | Reached skill level 1 in Throwing
 35053 | Swamp:1  | Reached skill level 10 in Evocations
 35166 | Swamp:1  | Reached skill level 17 in Fighting
 35582 | Swamp:1  | Reached skill level 15 in Shields
 36662 | Swamp:2  | You are sucked into a shaft and drop 1 floor!
 37248 | Swamp:3  | Reached skill level 5 in Throwing
 38014 | Swamp:4  | Entered Level 4 of the Swamp
 38731 | Swamp:4  | HP: 6/146 [spriggan rider (4)]
 39126 | Swamp:4  | Reached XP level 18. HP: 153/153 MP: 27/27
 39233 | Swamp:4  | Reached skill level 18 in Fighting
 39233 | Swamp:4  | Noticed the 27-headed Lernaean hydra
 39714 | Swamp:4  | Killed the 20-headed Lernaean hydra
 40194 | Swamp:4  | Got a decaying rune of Zot
 40552 | Snake:1  | Entered Level 1 of the Snake Pit
 41708 | Snake:2  | Noticed Agnes
 41714 | Snake:2  | Killed Agnes
 42864 | Snake:3  | Reached skill level 10 in Throwing
 43046 | Snake:3  | Identified the ring "Pidet" {rPois rC+ rN+ Int+3 Slay-3}
 43063 | Snake:3  | Found Aphuez's Antique Weapon Emporium.
 43602 | Snake:3  | Found Zocied's Jewellery Boutique.
 43603 | Snake:3  | Found Quulutz's Book Emporium.
 43603 | Snake:3  | Found Jomibb's Book Emporium.
 43745 | Snake:3  | Reached skill level 19 in Fighting
 43758 | Snake:3  | Reached XP level 19. HP: 146/163 MP: 28/28
 44079 | Snake:4  | Entered Level 4 of the Snake Pit
 44431 | Snake:4  | Noticed Aizul
 44446 | Snake:4  | Killed Aizul
 44521 | Snake:4  | Found a large runed translucent door.
 44521 | Snake:4  | Found a large runed translucent door.
 44525 | Snake:4  | Noticed Huew's ghost (adept NaFi)
 44572 | Snake:4  | Killed Huew's ghost
 44576 | Snake:4  | Identified the +2 helmet of the Harp {+Inv MP+9 Dex+4}
 44807 | Snake:4  | Noticed Nikola
 44824 | Snake:4  | Killed Nikola
 46044 | Snake:4  | Reached skill level 10 in Dodging
 46713 | Snake:4  | Got a serpentine rune of Zot
 47078 | Vaults:1 | Entered Level 1 of the Vaults
 47320 | Vaults:1 | Reached XP level 20. HP: 173/173 MP: 29/29
 47327 | Vaults:1 | Reached skill level 20 in Fighting
 47450 | Vaults:1 | Identified the ring "Samu" {rN+ rCorr SInv}
 48739 | Vaults:2 | Identified the amulet "Nib Bao" {RegenMP Str+3}
 49774 | Vaults:2 | Reached skill level 21 in Fighting
 50941 | Vaults:2 | Reached XP level 21. HP: 182/183 MP: 30/30
 51268 | Vaults:3 | Found Caro's Antique Armour Shop.
 51272 | Vaults:3 | Bought a pair of heavily runed gloves for 361 gold pieces
 51272 | Vaults:3 | Identified the +0 pair of gloves "Diruekau" {+Inv rCorr
                  | Dex+2} (You bought it in a shop on level 3 of the Vaults)
 51372 | Vaults:3 | Identified the +6 scale mail "Vappayb" {Dex+2}
 51845 | Vaults:3 | Found a staircase to the Crypt.
 51882 | Vaults:3 | Found a runed translucent door.
 51884 | Vaults:3 | Noticed Qebur's ghost (veteran OpIE)
 51947 | Vaults:3 | Noticed Donald
 51953 | Vaults:3 | Killed Donald
 51961 | Vaults:3 | Noticed Asterion
 51976 | Vaults:3 | Killed Asterion
 52484 | Vaults:3 | Reached skill level 15 in Armour
 53050 | Vaults:3 | Killed Qebur's ghost
 53321 | Vaults:4 | Reached skill level 22 in Fighting
 53549 | Vaults:4 | Reached XP level 22. HP: 140/193 MP: 31/31
 53685 | Vaults:4 | Learned a level 2 spell: Blink
 54074 | Vaults:4 | Found Azuuryk's Antique Weapon Boutique.
 54721 | Elf:1    | Entered Level 1 of the Elven Halls
 54747 | Elf:1    | Reached skill level 1 in Translocations
 54748 | Elf:1    | Reached skill level 1 in Spellcasting
 55024 | Elf:1    | Paralysed by an air elemental for 1 turns
 55029 | Elf:1    | Paralysed by an air elemental for 1 turns
 55035 | Elf:1    | Paralysed by an air elemental for 1 turns
 55039 | Elf:1    | Paralysed by an air elemental for 1 turns
 55429 | Elf:1    | Paralysed by an air elemental for 1 turns
 55531 | Elf:1    | Reached skill level 15 in Evocations
 56626 | Elf:2    | Found a runed translucent gate.
 56627 | Elf:2    | Found a runed translucent gate.
 56649 | Elf:2    | Found a runed translucent gate.
 56862 | Elf:2    | Found Ivuew's Assorted Antiques.
 56873 | Elf:2    | Bought a scroll of blinking for 262 gold pieces
 57062 | Elf:2    | Found Fimyppeunu's Magic Scroll Emporium.
 57071 | Elf:2    | Bought a scroll of blinking for 105 gold pieces
 57833 | Elf:3    | Entered Level 3 of the Elven Halls
 58768 | Elf:3    | Identified the +2 mace of Giat Olaago {drain, rC+}
 59030 | Elf:3    | Identified the +7 scimitar "Worm's Wrath" {vamp, rCorr
                  | Str+3 Stlth+}
 59030 | Elf:3    | Identified the +2 leather armour of Haxtual {rN+ Int+3}
 59065 | Elf:3    | Identified the +7 scimitar of Hidintae {antimagic, +Blink
                  | rPois}
 59093 | Elf:3    | Paralysed by an air elemental for 1 turns
 59094 | Elf:3    | Reached skill level 23 in Fighting
 59535 | Elf:3    | Reached XP level 23. HP: 190/203 MP: 32/32
 59842 | Elf:3    | Paralysed by an air elemental for 1 turns
 60356 | Elf:3    | Got the Catalogue of Contamination and the Escort
 60854 | Depths:1 | Entered Level 1 of the Depths
 60857 | Depths:1 | Found a magical portal.
 60867 | WizLab   | Entered The Roulette of Golubria
 60867 | WizLab   | Found a transporter.
 60870 | WizLab   | Found a corrupted altar of Lugonu.
 60871 | WizLab   | Found the +1 cloak of Starlight {*Dazzle EV+4 Stlth--}
 60894 | WizLab   | Found a transporter.
 60897 | WizLab   | Found a corrupted altar of Lugonu.
 60901 | WizLab   | Found a corrupted altar of Lugonu.
 60920 | WizLab   | Found a transporter.
 60971 | WizLab   | Found a transporter.
 61019 | WizLab   | Found a transporter.
 61130 | WizLab   | Found a transporter.
 61130 | WizLab   | Found a transporter.
 61522 | WizLab   | Found a transporter.
 61614 | WizLab   | Found a transporter.
 61691 | WizLab   | Found a transporter.
 61718 | WizLab   | Found a transporter.
 61718 | WizLab   | Found a transporter.
 61752 | WizLab   | Found a transporter.
 61803 | WizLab   | Found a transporter.
 61803 | WizLab   | Found a transporter.
 61836 | WizLab   | Found a transporter.
 61836 | WizLab   | Found a transporter.
 61908 | WizLab   | Found a transporter.
 61908 | WizLab   | Found a transporter.
 61936 | WizLab   | Identified the -1 cloak "Feow" {Fly MP+9}
 61961 | WizLab   | Identified the +2 cloak of Geicsof {rF+}
 62131 | Depths:1 | Found a gateway to Hell.
 62182 | Depths:1 | Reached skill level 5 in Translocations
 62808 | Depths:1 | Found a sparkling altar of Nemelex Xobeh.
 63543 | Depths:2 | Found a broken altar of Ashenzari.
 63566 | Depths:2 | Paralysed by a floating eye for 2 turns
 63866 | Depths:2 | Noticed a juggernaut
 63876 | Depths:2 | Killed a juggernaut
 64196 | Depths:2 | Found a gateway to a ziggurat.
 64214 | Depths:2 | Reached skill level 24 in Fighting
 64426 | Depths:2 | Reached XP level 24. HP: 196/214 MP: 32/32
 65475 | Depths:3 | Found a one-way gate leading to the halls of Pandemonium.
 65885 | Depths:3 | Noticed Mennas
 65934 | Depths:3 | Killed Mennas
 67133 | Depths:4 | Reached skill level 25 in Fighting
 68061 | Depths:4 | Noticed a caustic shrike
 68072 | Depths:4 | Killed a caustic shrike
 68297 | Depths:4 | Reached XP level 25. HP: 206/225 MP: 32/32
 68849 | Depths:4 | Found a one-way gate to the infinite horrors of the Abyss.
 68858 | Depths:4 | Identified the +3 trident "Emic" {elec, *Slow rElec Int+3}
 69081 | Depths:4 | Identified the ring of Hospitality {rN+ AC+4 Dex+3}
 69250 | Depths:5 | Entered Level 5 of the Depths
 69282 | Depths:5 | Noticed Coruem's ghost (adept DrGl)
 69283 | Depths:5 | Found a transporter.
 69290 | Depths:5 | Found a transporter.
 69494 | Depths:5 | Reached skill level 5 in Spellcasting
 70340 | Depths:5 | Found a gate to the Realm of Zot.
 70522 | Depths:5 | Found a portal to a secret trove of treasure.
 70875 | Depths:5 | Reached skill level 26 in Fighting
 70885 | Depths:5 | Killed Coruem's ghost
 71285 | Depths:5 | Identified the +0 cloak of Poor Excuses {Regen+ rCorr}
 71744 | Vaults:5 | Entered Level 5 of the Vaults
 71880 | Vaults:5 | Reached XP level 26. HP: 226/226 MP: 32/32
 72261 | Vaults:5 | Learned a level 3 spell: Teleport Other
 72266 | Vaults:5 | Learned a level 4 spell: Passage of Golubria
 72344 | Vaults:5 | Identified the +9 great sword of Miz Raaf {venom, rPois
                  | rC+}
 72363 | Vaults:5 | Identified the ring "Ivaoma" {rF+ Int+3}
 72388 | Vaults:5 | Reached skill level 10 in Translocations
 72406 | Vaults:5 | Identified the +4 morningstar of Qaent {chaos, Fragile rC+
                  | rCorr Str+4 Int+2}
 72418 | Vaults:5 | Identified the +2 war axe "Rorot" {freeze, rCorr}
 73656 | Vaults:5 | Identified the +6 scale mail of Gluttony {rElec rN+ MP+9}
 74198 | Vaults:5 | Got a silver rune of Zot
 74980 | Depths:5 | You paid a toll of a +5 demon whip to enter a treasure
                  | trove
 74981 | Trove    | Entered a treasure trove
 74984 | Trove    | Found the amulet of the Air {Inacc Air Fly rElec RMsl}
 74995 | Trove    | Identified the ring "Qaitis" {rElec rF+ rN+}
 75000 | Trove    | Identified the ring "Esymmapal" {+Blink Dex+6 Stlth+}
 75002 | Trove    | Identified the ring of Sophism {Fly rPois rF+ AC+4 Dex-2}
 75004 | Trove    | Identified the ring of the Wary Priests {rPois Slay+3}
 75015 | Trove    | Identified the amulet "Nyis" {RegenMP Dex+4}
 75018 | Trove    | Identified the ring "Yfor Gar" {rF+ rC+}
 75023 | Trove    | Identified the ring "Naeshunk" {rPois rC+ Int-2 Dex+6 SInv}
 75108 | Zot:1    | Entered Level 1 of the Realm of Zot
 76305 | Zot:1    | Noticed an orb of fire
 76488 | Zot:1    | Got the Tome of the Lethal Voyage
 76525 | Zot:1    | Identified the +11 quick blade "Killer Bee's Curse"
                  | {antimagic, rC+ Str+3}
 76732 | Zot:1    | Reached XP level 27. HP: 163/243 MP: 35/35
 77396 | Zot:1    | Identified a scroll of acquirement
 77408 | Zot:1    | Acquired 553 gold pieces
 77501 | Zot:1    | Reached skill level 27 in Fighting
 79864 | Zot:2    | Noticed a dread lich
 80545 | Zot:2    | Noticed an orb of fire
 80549 | Zot:2    | Noticed an ancient lich
 80649 | Zot:2    | Found a radiant altar of Vehumet.
 80649 | Zot:2    | Identified the amulet of Veoqewy {RegenMP rF- rC+ Will+}
 80651 | Zot:2    | Found a transporter.
 80660 | Zot:2    | Found the +0 pair of fencer's gloves {Riposte Dex+3}
 80667 | Zot:2    | You are sucked into a shaft and drop 2 floors!
 81587 | Zot:3    | Reached skill level 15 in Throwing
 84732 | Zot:5    | Entered Level 5 of the Realm of Zot
 86204 | Zot:5    | Noticed an ancient lich
 86228 | Zot:5    | Killed an ancient lich
 86300 | Zot:5    | Noticed an orb of fire
 86311 | Zot:5    | Noticed a dread lich
 86311 | Zot:5    | Noticed an orb of fire
 86311 | Zot:5    | Noticed an orb of fire
 86311 | Zot:5    | Noticed an orb of fire
 86321 | Zot:5    | Gained mutation: You are frail. (-10% HP) [an orb of fire]
 86325 | Zot:5    | Gained mutation: You have sharp toenails. [an orb of fire]
 86325 | Zot:5    | Gained mutation: You passively map a small area around you.
                  | [an orb of fire]
 86333 | Zot:5    | Lost mutation: You are frail. (-10% HP) [potion of
                  | mutation]
 86333 | Zot:5    | Lost mutation: You have sharp toenails. [potion of
                  | mutation]
 86333 | Zot:5    | Lost mutation: You passively map a small area around you.
                  | [potion of mutation]
 86333 | Zot:5    | Gained mutation: You possess an exceptional clarity of
                  | mind. [potion of mutation]
 86413 | Zot:5    | Gained mutation: You are clumsy. (Dex -2) [an orb of fire]
 86431 | Zot:5    | HP: 4/245 [orb of fire/bolt of fire (14)]
 86432 | Zot:5    | Killed from afar by an orb of fire

Illustrated notes

Levels and vault maps discovered:
D:1:      lemuel_arrival_rhombus, layout_basic, basic_ecumenical_altar,
          minivault_26
D:2:      layout_rooms, glass_columns_a, kennysheep_generic_room_12
D:3:      layout_rooms, lemuel_crystal_altar, amcnicky_altar_gilded,
          overflow_temple_1_default, amethyst_overflow_temple_binary,
          serial_glass, glass_columns_a, glass_columns_a, uniq_jessica
D:4:      layout_rooms, minmay_temple_entry_stoned_glass, serial_shops, shop,
          uniq_blork_the_orc, uniq_eustachio
D:5:      layout_gridville, uniq_ijyb
D:6:      layout_rooms, lemuel_doored_altar, serial_shops, shop,
          gup_sewer_entry_glass
D:7:      layout_cave_pods, lemuel_coloured_pillars_altar
D:8:      layout_basic, serial_bayou, serial_bayou_pond_b, serial_bayou_pond_e,
          serial_bayou_shore_a, serial_bayou_pond_d, uniq_maggie,
          uniq_gastronok, uniq_harold
D:9:      layout_irregular_city, st_stairs_13
D:10:     layout_stronghold, lemuel_tele_altar, dpeg_lair_monsters, orc_0_dummy,
          item_on_display_a
D:11:     layout_basic, uniq_sonja
D:12:     layout_cave_pools, enter_bailey_6, uniq_kirke, uniq_maurice,
          uniq_jorgrun
D:13:     layout_roguey, grunt_vaults_entry_tiered,
          portal_ice_cave_demonic_guard
D:14:     layout_basic, lemuel_blue_sif_altar, okawaru_trees_1
D:15:     gammafunk_enter_depths_forms, layout_loops_ring, chequers_arboretum,
          chequers_serial_rivers_micro_a, uniq_azrael
Lair:1:   layout_cave_pods, enter_volcano_2, gammafunk_ghost_split
Lair:2:   statuecave_lemuel, layout_regular_city,
          minmay_snake_entry_guardpost_large, minmay_stone_trees_large,
          chequers_serial_rivers_large_b, infiniplex_staircase_pool_2
Lair:3:   layout_regular_city, nicolae_quartered_pool_medium,
          grunt_megastairs_5, infiniplex_staircase_pool, serial_bayou_shore_b
Lair:4:   layout_regular_city, skrybe_swamp_entry_bodies,
          grunt_forest_stairs_clearing
Lair:5:   layout_cave_pods, grunt_megastairs_4, uniq_urug
Lair:6:   gammafunk_lair_ancient_temple, layout_regular_city,
          minmay_slime_entry_oklob_enclosed, serial_bayou_pond_c,
          grunt_forest_small_clearing_treed
Swamp:1:  layout_basic_swamp, hangedman_swamp_pad
Swamp:2:  layout_basic_swamp, evilmike_swamp_ruin_rubble_1
Swamp:3:  layout_basic_swamp, nicolae_swamp_well_well_well, swamp_pool2,
          hangedman_swamp_ravenous
Swamp:4:  swamp_old_school, layout_basic_swamp
Snake:1:  layout_misc_corridors, grunt_megastairs_3
Snake:2:  nicolae_snake_nest, layout_misc_corridors, uniq_agnes
Snake:3:  minmay_snake_river, layout_gridlike, serial_shops, shop,
          serial_bayou_shore_b, minmay_shop_grove
Snake:4:  snake_pit_salamanders_mu, layout_basic, ebering_ghost_disaster_area,
          uniq_aizul, uniq_nikola
Orc:1:    layout_caves
Orc:2:    st_orc_rangers, layout_caves, uniq_saint_roka
Elf:1:    minmay_elf_arrival_summoners, layout_onion_city, minivault_28,
          drop_trap, grunt_ministairs_15
Elf:2:    layout_onion_city, serial_shops, nicolae_shop_overgrown_old_shop,
          nicolae_lakefront_shop
Elf:3:    minmay_elf_hall_not_hex, layout_rooms
Vaults:1: st_hourglassy, v_pattern_1, v_misc_11, nicolae_vaults_theta,
          vaults_mumra_minichess, hangedman_vaults_corner_blocks,
          vaults_room_pools, vaults_room_door_hall, ontoclasm_vaults_pinch,
          nicolae_vaults_ring_of_whatevers, nicolae_vaults_angled_halls,
          hangedman_vaults_snaps, grunt_vaults_trifunnel,
          nicolae_vaults_shelves_hall, layout_vaults_maze_bifur
Vaults:2: st_octagons_2, grunt_vaults_diagonal, v_misc_30, v_rooms_3,
          nicolae_vaults_network_quinsquares
          [nicolae_vaults_network_quincunx_subvault,
          nicolae_vaults_network_quincunx_subvault,
          nicolae_vaults_network_quincunx_subvault,
          nicolae_vaults_network_quincunx_subvault], hangedman_vaults_pinch,
          nicolae_vaults_network_periphery, vaults_room_semicircle, v_misc_17,
          vaults_room_corners, vaults_dpeg_cross, layout_vaults_ring
Vaults:3: ebering_vaults_ghost_reflecting_pool, v_rooms_2,
          minmay_crypt_entry_vampire_xt, vaults_room_octagon,
          nicolae_vaults_border_crossing, nicolae_vaults_what_the_h,
          grunt_vaults_swirl, nicolae_vaults_circle_grid_b,
          hangedman_vaults_restitches, vaults_standard_mumra_enter_the_diamond,
          ontoclasm_vaults_shuriken, layout_vaults_omnibox, serial_shops,
          nicolae_shop_behind_doors, uniq_donald, uniq_asterion
Vaults:4: ontoclasm_vaults_idyll, grunt_vaults_bifocal, vaults_dpeg_hooks,
          vaults_dpeg_encased_lava, nicolae_vaults_asterisk, v_misc_11,
          ontoclasm_vaults_fault, nicolae_vaults_diagonal_hallway_7,
          layout_vaults_omnigrid, serial_shops, shop
Vaults:5: serial_shops
Depths:1: kennysheep_big_flooded_room, layout_gridlike, hell_entry,
          minmay_misc_feat_nine_boxes, mu_enter_wizlab_4,
          nemelex_lonely_heart_becter
Depths:2: nzn_winding_woodlands_small
          [nzn_winding_woodlands_5x15_pathside_ponds,
          nzn_winding_woodlands_center_lodge,
          nzn_winding_woodlands_5x15_crooked], layout_honeycomb,
          enter_ziggurat_d, grunt_hell_entry_demonic_statue,
          nicolae_ashenzari_panopticon
Depths:3: minmay_polygon_palace, layout_basic, hell_entry, pan_entry,
          amcnicky_mini_corridor_feature, serial_bayou_shore_b,
          infiniplex_staircase_river, uniq_mennas
Depths:4: box_level_dp, hell_entry, abyss_entry
Depths:5: grunt_zot_entry_alcove, layout_cave_shapes, kennysheep_crisscross,
          abyss_entry, nicolae_trove_entry_columns, gammafunk_ghost_arena,
          pf_hell_entry_great_geh, lightli_corner_chamber
Zot:1:    kennysheep_oblong_rooms, layout_basic, nrook_zot_tub
Zot:2:    gammafunk_sealed_library, layout_basic
Zot:3:    layout_gridlike, st_single_dragon_hoard_2, hangedman_hellfire_club
Zot:4:    layout_concentric_octagons
Zot:5:    layout_misc_corridors

Skill      XL: |  1  2  3  4  5  6  7  8  9 10 11 12 13 14 15 16 17 18 19 20 21 22 23 24 25 26 27 |
---------------+----------------------------------------------------------------------------------+-----
Axes           | 1 2 3 4 5 6 7 9 11 13 15 16 17 | 17.9
Fighting       | 4 5 6 7 8 9 11 12 13 14 15 16 17 19 21 22 23 24 25 26 27 | 27.0
Armour         | 2 3 4 5 6 8 10 12 14 15 17 18 20 | 20.3
Invocations    | 1 2 4 6 8 10 12 | 12.0
Shields        | 3 5 6 8 9 11 12 13 14 15 | 15.0
Dodging        | 3 5 6 7 9 10 13 | 13.6
Evocations     | 5 7 9 10 11 13 14 15 | 15.0
Throwing       | 7 10 11 13 17 | 17.0
Translocations | 4 7 8 9 11 | 11.8
Spellcasting   | 4 6 8 9 |  9.4
Maces & Flails | |  2.1

Action                   |  1- 3 |  4- 6 |  7- 9 | 10-12 | 13-15 | 16-18 | 19-21 | 22-24 | 25-27 || total
-------------------------+-------+-------+-------+-------+-------+-------+-------+-------+-------++-------
Melee: Mace              |    77 |    69 |       |       |       |       |       |       |       ||   146
       Hand axe          |       |   101 |   273 |   257 |       |       |       |       |       ||   631
       Unarmed           |       |       |       |     3 |       |       |       |       |       ||     3
       Broad axe         |       |       |       |   120 |   856 |  1146 |  1099 |  1348 |  1723 ||  6292
       Long sword        |       |       |       |       |       |       |       |     9 |       ||     9
 Fire: Hunting sling     |       |     1 |    20 |     2 |       |       |       |       |       ||    23
Throw: Stone             |     4 |     8 |       |       |       |       |       |       |       ||    12
       Javelin           |     4 |     3 |       |    13 |       |     3 |     5 |    11 |    15 ||    54
       Dart              |       |       |     3 |    29 |     6 |       |       |       |       ||    38
       Throwing net      |       |       |       |     3 |       |     2 |       |       |       ||     5
       Boomerang         |       |       |       |       |       |     5 |       |       |     1 ||     6
 Cast: Blink             |       |       |       |       |       |       |       |       |     1 ||     1
Invok: Ancestor Identity |       |       |     1 |       |       |       |       |       |       ||     1
       Ancestor Life: He |       |       |     1 |       |       |       |       |       |       ||     1
       Recall Ancestor   |       |       |     2 |     3 |     4 |     1 |       |     3 |    10 ||    23
       Idealise          |       |       |       |       |       |     1 |     1 |     1 |     1 ||     4
 Abil: Evoke Invisibilit |       |       |       |       |       |       |       |       |     1 ||     1
Evoke: Wand              |       |       |     1 |     7 |    11 |     3 |     6 |    14 |     9 ||    51
       Box of beasts     |       |       |       |       |       |       |       |       |     2 ||     2
  Use: Scroll            |       |     3 |     5 |     9 |    11 |    12 |     4 |    10 |    27 ||    81
       Potion            |       |       |     1 |     1 |     3 |     6 |     1 |     3 |    19 ||    34
 Stab: Confused          |       |       |     7 |     9 |     8 |    15 |    55 |    56 |    91 ||   241
       Distracted        |       |       |     4 |     6 |    13 |    16 |     8 |    11 |    18 ||    76
       Paralysed         |       |       |     4 |       |    22 |    81 |    60 |    64 |    86 ||   317
       Held in net/web   |       |       |     1 |       |       |       |       |       |       ||     1
       Invisible         |       |       |       |       |       |     2 |       |    13 |    23 ||    38
Armor: Leather armour    |    21 |     1 |     2 |       |       |       |       |       |       ||    24
       Chain mail        |       |    93 |   112 |    95 |   224 |   332 |   241 |   308 |    25 ||  1430
       Scale mail        |       |       |       |       |       |    27 |       |       |       ||    27
       Gold dragon scale |       |       |       |       |       |       |       |       |   780 ||   780
Dodge: Dodged            |    53 |    67 |    55 |    40 |   235 |   351 |   300 |   341 |   584 ||  2026
Block: Other             |       |    30 |    24 |       |       |       |       |       |       ||    54
       Reflection        |       |     1 |    17 |    11 |    74 |    82 |    68 |    45 |    43 ||   341
       Tower shield      |       |       |   226 |   403 |  1155 |   136 |       |       |       ||  1920
       Kite shield       |       |       |       |       |       |   862 |   764 |   843 |  1395 ||  3864
       Rpst.: Long sword |       |       |       |       |       |       |     1 |     1 |       ||     2

Table legend: (Time is in decaauts)
 A = Elapsed time spent in this place.
 B = Non-inter-level travel time spent in this place.
 C = Inter-level travel time spent in this place.
 D = Time resting spent in this place.
 E = Time spent auto-exploring this place.
 F = Levels seen in this place.
 G = Mean time per level.
                   A        B        C        D        E       F      G
               +--------+--------+--------+--------+--------+-----+--------+
         Total |  85208 |  79942 |   5266 |  24599 |  40327 |  55 | 1549.2 |
       Dungeon |  19716 |  17707 |   2009 |   5222 |   9179 |  15 | 1314.4 |
          Lair |   9265 |   8644 |    621 |   1930 |   5210 |   6 | 1544.2 |
         Swamp |   5668 |   5549 |    119 |   2632 |   2241 |   4 | 1417.0 |
     Snake Pit |   6243 |   5923 |    320 |   1632 |   3144 |   4 | 1560.8 |
  Orcish Mines |   4251 |   3856 |    395 |   2008 |   1189 |   2 | 2125.5 |
   Elven Halls |   5442 |   5265 |    177 |   1591 |   2678 |   3 | 1814.0 |
        Vaults |   9706 |   9022 |    684 |   1637 |   5783 |   5 | 1941.2 |
        Depths |  10111 |   9374 |    737 |   2151 |   5451 |   5 | 2022.2 |
           Zot |  10381 |  10179 |    202 |   4116 |   4386 |   5 | 2076.2 |
         Trove |     51 |     51 |      0 |      0 |      0 |   1 |   51.0 |
         Sewer |    455 |    455 |      0 |    112 |    163 |   1 |  455.0 |
        Bailey |    650 |    650 |      0 |    365 |    131 |   1 |  650.0 |
      Ice Cave |   1110 |   1110 |      0 |    487 |    301 |   1 | 1110.0 |
       Volcano |    961 |    961 |      0 |    388 |     59 |   1 |  961.0 |
        Wizlab |   1191 |   1191 |      0 |    327 |    411 |   1 | 1191.0 |
               +--------+--------+--------+--------+--------+-----+--------+

Top non-repeatable levels by time:
   Zot:1: 3526 daAuts
   Elf:2: 2674 daAuts
Depths:4: 2659 daAuts
 Snake:4: 2657 daAuts
Depths:5: 2450 daAuts
    D:10: 2363 daAuts
   Orc:1: 2332 daAuts
   Zot:4: 2190 daAuts
Vaults:4: 2146 daAuts
   Zot:3: 2133 daAuts
Vaults:2: 2119 daAuts
Depths:2: 2030 daAuts
     D:3: 2011 daAuts
  Lair:4: 1997 daAuts
Vaults:3: 1976 daAuts
